 Dungeon Crawl Stone Soup version 5.6-49-g8abd877 (webtiles) character file.

165 Moonstruck the Chopper (level 6, 0/53 HPs)
             Began as a Minotaur Torpor Knight on Nov 20, 2018.
             Was a Priest of Cheibriados.
             Slain by a wyvern zombie (6 damage)
             ... on level 5 of the Dungeon.
             The game lasted 00:01:18 (1734 turns).

Moonstruck the Chopper (Minotaur Torpor Knight)     Turns: 1734, Time: 00:01:18

Health: 0/53       AC: 11 (39%)Str: 26  XL:     6   Next: 53%
Magic:  9/9        EV:  8    Int: 17    God:    Cheibriados [3*[99]]
Gold:   165        SH:  0    Dex: 13    Spells: 11/11 levels left

rFire    . . .     SeeInvis .   a - +0 hand axe
rCold    . . .     Faith    .   (no shield)
rNeg     . . .     Spirit   .   b - +0 plate armour {ponderous}
rPois    .         Reflect  .   (helmet restricted)
rElec    .                      (no cloak)
rCorr    .                      (no gloves)
MR       .....                  (no boots)
Stlth    ..........             e - amulet of regeneration
Regen    0.6/turn               (no ring)
MPRegen  0.4/turn               (no ring)

@: very slow
A: retaliatory headbutt, horns 2, clumsy, agile potions
a: Bend Time, Temporal Distortion, Renounce Religion


You were on level 5 of the Dungeon.
You worshipped Cheibriados.
Cheibriados was most pleased with you.
You were not hungry.

You visited 1 branch of the dungeon, and saw 5 of its levels.

You collected 165 gold pieces.

Inventory:

Hand Weapons
 a - a +0 hand axe (weapon)
Missiles
 n - 45 javelins (quivered)
 q - 13 curare darts
Armour
 b - a +0 plate armour of ponderousness (worn)
Jewellery
 e - an amulet of regeneration (around neck)
Wands
 f - a wand of flame (9)
 i - a wand of iceblast (7)
 p - a wand of slimification (3)
Scrolls
 d - 3 scrolls of amnesia
 h - a scroll of teleportation
 j - 2 scrolls of blinking
 l - a scroll of fog
Potions
 c - a potion of ambrosia
 g - a potion of resistance
 k - 3 potions of augmentation
 m - a potion of magic
 o - a potion of heal wounds


   Skills:
 + Level 4.5 Fighting
 * Level 5.8 Axes
 + Level 3.8 Armour
 + Level 3.2 Dodging
 + Level 3.0 Invocations


You had 11 spell levels left.
You didn't know any spells.
Your spell library was empty.

Dungeon Overview and Level Annotations

Branches:
Dungeon (5/15)

Altars:
Dithmenos
Elyvilon
Vehumet
Wu Jian
Xom


Innate Abilities, Weirdness & Mutations

You reflexively headbutt those who attack you in melee.
You have a pair of horns on your head.
You are clumsy. (Dex -5)
Quaffing potions temporarily makes you agile.


Message History

You are too injured to fight recklessly!
Unknown command.
You are too injured to fight recklessly!
You are too injured to fight recklessly!
Unknown command.
You are too injured to fight recklessly!
Unknown command.
You are too injured to fight recklessly!
Unknown command.
You are too injured to fight recklessly!
You hit the wyvern zombie (4). You headbutt the wyvern zombie (13)!
The wyvern zombie is heavily damaged.
The wyvern zombie barely misses you. The wyvern zombie barely misses you.
You furiously retaliate!
You headbutt the wyvern zombie (8)! The wyvern zombie bites you (10)!
The wyvern zombie bites you (11)!
* * * LOW HITPOINT WARNING * * *
The wyvern zombie bites you but does no damage.
The wyvern zombie bites you (6).
You die...

#.....#.......#
#.#...#######.#
#.#...........#
#.##..#########
#.[....#####
####........
###.#.#####
#..$..# #.#.Z@#
#.#....# #
#.#..# #[#..#
#.#... #.##..#
#. ... ...#


You could see a wyvern zombie.

Vanquished Creatures
  A hound (D:4)
  A jelly (D:4)
  A gnoll shaman (D:4)
  4 worker ants
  An orc wizard (D:3)
  An iguana (D:4)
  4 gnolls (D:4)
  7 adders
  2 oozes
  2 dart slugs
  5 orcs
  A quokka (D:1)
  3 giant cockroaches
  3 goblins
  5 hobgoblins
  4 jackals (D:2)
  5 bats
  2 frilled lizards
  8 kobolds
  3 rats
63 creatures vanquished.

Vanquished Creatures (others)
  A bat (D:3)
1 creature vanquished.

Grand Total: 64 creatures vanquished

Notes
Turn   | Place    | Note
-------+----------+-------------------------------------------
     0 | D:1      | Moonstruck the Minotaur Torpor Knight began the quest for the Orb.
     0 | D:1      | Reached XP level 1. HP: 18/18 MP: 1/1
    63 | D:1      | Reached XP level 2. HP: 14/25 MP: 2/2
   130 | D:1      | Reached ** piety under Cheibriados
   237 | D:1      | Reached skill level 4 in Axes
   579 | D:2      | Reached XP level 3. HP: 30/30 MP: 4/4
   661 | D:2      | Found a white marble altar of Elyvilon.
   682 | D:2      | Reached XP level 4. HP: 23/37 MP: 6/6
   810 | D:2      | Found a faded altar of an unknown god.
   824 | D:2      | Reached *** piety under Cheibriados
   833 | D:2      | Gained mutation: Quaffing potions temporarily makes you agile. [mutagenic hatch]
   854 | D:3      | Found a radiant altar of Vehumet.
   916 | D:3      | Reached XP level 5. HP: 40/45 MP: 7/7
   923 | D:3      | Found a shimmering altar of Xom.
   960 | D:3      | Gained mutation: You are clumsy. (Dex -5) [mutagenic hatch]
   960 | D:4      | Found a shadowy altar of Dithmenos.
  1101 | D:4      | Found an ornate altar of the Wu Jian Council.
  1113 | D:4      | Reached skill level 5 in Axes
  1253 | D:4      | Reached XP level 6. HP: 51/52 MP: 9/9
  1269 | D:4      | Reached **** piety under Cheibriados
  1687 | D:5      | Entered Level 5 of the Dungeon
  1734 | D:5      | Slain by a wyvern zombie

Skill      XL: |  1  2  3  4  5  6 |
---------------+-------------------+-----
Axes           | 4 5 |  5.8
Dodging        | 2 3 |  3.2
Invocations    | 2 3 |  3.0
Fighting       | 3 4 |  4.5
Armour         | 3 |  3.8

Action                   |  1- 3 |  4- 6 || total
-------------------------+-------+-------++-------
Melee: Hand axe          |    63 |    85 ||   148
       Headbutt          |    14 |    18 ||    32
Armor: Plate armour      |    56 |    63 ||   119
Dodge: Dodged            |    25 |    41 ||    66
